Map: Whispers of Gold

Players

zzixx

  • Race: Zerg Zerg
  • League: Diamond
  • Spawn Location: 9:00

llllllllllll - Winner!

  • Race: Protoss Protoss
  • League: Diamond
  • Spawn Location: 5:00

VOD

Have the link to the VOD?

Description

Time

  • Played on: April 25, 2025, 8:16 a.m.
  • Length: 4:46
Show
View Real Time Build Order
Export as new Build Order

zzixx Zerg 

Build Orders: Hatch First 

Get SALT Encoding   

  12  0:00  Drone  
  13  0:12  Overlord  
  13  0:17  Drone  
  14  0:30  Drone x2  
  16  0:49  Hatchery  
  15  0:53  Drone  
  15  0:56  Drone  
  17  1:11  Spawning Pool  
  17  1:15  Drone  
  17  1:18  Drone  
  17  1:22  Drone  
  19  1:26  Extractor  
  18  1:58  Zergling x2  
  18  1:59  Spine Crawler, Zergling x4, Queen  
  22  2:07  Zergling x2  
  23  2:08  Spine Crawler  
  23  2:11  Zergling x2  
  23  2:23  Zergling x4  
  23  2:29  Drone  
  22  2:41  Metabolic Boost  
  22  3:04  Roach Warren  
  21  3:17  Zergling x6  
  15  3:30  Drone  
  16  3:41  Drone  
  17  3:49  Drone  
  17  3:52  Drone  
  17  4:07  Spine Crawler  
  16  4:18  Roach  
Show
View Real Time Build Order
Export as new Build Order

llllllllllll Protoss - Winner!

Build Orders:  

Get SALT Encoding   

  12  0:00  Probe  
  13  0:12  Probe  
  14  0:24  Probe  
  15  0:34  Pylon  
  15  0:53  Gateway x2  
  15  0:58  Gateway  
  15  1:10  Gateway  
  15  1:31  Zealot x2  
  15  1:32  Pylon  
  15  1:45  Zealot  
  21  1:57  Zealot x2  
  21  1:58  Zealot  
  27  2:12  Zealot  
  29  2:23  Zealot  
  29  2:24  Zealot  
  29  2:34  Zealot  
  31  2:40  Pylon  
  31  2:58  Zealot x2  
  37  3:05  Zealot  
  37  3:09  Zealot  
  31  3:26  Zealot x2  
  31  3:32  Zealot  
  29  4:05  Zealot  
  31  4:11  Zealot  
  33  4:18  Zealot  
Tags
 
Add a new tag
Caveats
  • Supply blocks, unpowered buildings, or Contaminate may cause inaccurate times.
  • Supply counts are checked every 10 seconds.